 Dungeon Crawl Stone Soup version 0.14.0-15-g6b16f67 (webtiles) character file.

621 Heini the Chopper (level 7, -4/61 HPs)
             Began as a Hill Orc Fighter on Apr 18, 2014.
             Killed from afar by Crazy Yiuf (7 damage)
             ... with a wand of flame
             ... on Level 3 of the Dungeon.
             The game lasted 00:10:30 (3834 turns).

Heini the Chopper (Hill Orc Fighter)                Turns: 3834, Time: 00:10:31

HP  -4/61        AC  8     Str 21      XL: 7   Next: 19%
MP   7/7         EV  6     Int  8      God:
Gold 111         SH 18     Dex 10      Spells:  0 memorised,  6 levels left

rFire  . . .     SeeInvis .     a - +0 war axe
rCold  . . .     Clarity  .     b - +0 scale mail
rNeg   . . .     Conserve .     c - +0 shield
rPois  .         rCorr    .     (no helmet)
rElec  .         rRot     .     (no cloak)
SustAb . .       Spirit   .     p - +0 pair of gloves
rMut   .         Warding  .     (no boots)
Saprov + . .     Stasis   .     (no amulet)
MR     .....                    (no ring)
                                (no ring)

@: not resistant to hostile enchantments, extremely unstealthy
A: saprovore 1
a: no special abilities


You were on level 3 of the Dungeon.
You were not hungry.

You visited 1 branch of the dungeon, and saw 3 of its levels.
You also visited: Sewer.

You collected 111 gold pieces.

Inventory:

Hand weapons
 a - a +0,+0 war axe (weapon)
Armour
 b - a +0 scale mail (worn)
 c - a +0 shield (worn)
 p - a +0 pair of gloves (worn)
Magical devices
 q - a wand of frost (11)
Comestibles
 d - 3 meat rations
 m - an apple
 n - a bread ration
 v - 12 sultanas
 A - a chunk of ball python flesh
Scrolls
 f - 5 scrolls of identify {unknown}
 o - a scroll of enchant weapon I {unknown}
 t - 2 scrolls of teleportation {unknown}
 y - 2 scrolls of remove curse
 z - a scroll of fear {unknown}
Jewellery
 g - an uncursed amulet of conservation {unknown}
 i - an uncursed ring of wizardry {unknown}
 l - an uncursed ring of protection from cold {unknown}
Potions
 h - a potion of magic {unknown}
 j - 2 potions of brilliance {unknown}
 k - a potion of invisibility {unknown}
 r - a potion of paralysis {unknown}
 s - 2 potions of restore abilities {unknown}
 u - 2 potions of curing {unknown}
 w - a potion of blood
 x - 2 potions of heal wounds {unknown}
Books
 e - a book of Wizardry

   Spells                             Type                      Level
   Summon Elemental                   Summoning                    4
   Agony                              Necromancy                   5
   Force Lance                        Conjuration                  5
   Haste                              Charms                       6
   Invisibility                       Hexes                        6
   Spellforged Servitor               Conjuration/Summoning        7


   Skills:
 * Level 5.6 Fighting
 * Level 6.3 Axes
 * Level 5.9 Armour
 - Level 3.3 Shields


You had 6 spell levels left.
You didn't know any spells.

Dungeon Overview and Level Annotations

Branches:
Dungeon (3/15)

Altars:

Annotations:
D:3 Crazy Yiuf


Innate Abilities, Weirdness & Mutations

You can tolerate rotten meat.


Message History

Crazy Yiuf barely misses you. You block Crazy Yiuf's attack.
You hit Crazy Yiuf.
Crazy Yiuf is heavily wounded.
Crazy Yiuf hits you with a quarterstaff of chaos!
Crazy Yiuf zaps a wand.
The puff of flame hits you!
* * * LOW HITPOINT WARNING * * *
You slash the fungus!
The fungus is almost destroyed.
Crazy Yiuf whimpers, "Cake!"
You slash Crazy Yiuf!
Crazy Yiuf is almost dead.
Crazy Yiuf hits you with a quarterstaff of chaos!
* * * LOW HITPOINT WARNING * * *
Space bends around you.
* * * LOW HITPOINT WARNING * * *
Unknown command.
Crazy Yiuf zaps a wand.
The puff of flame misses you.
Crazy Yiuf laughs, "Whippet!"
Crazy Yiuf zaps a wand.
The puff of flame hits you!
You die...

### ###
#.###########.###
................######
#.#######.....#.@....#
#.##........#.#.#....#
#.##.##...#.#####'..+#
##########
#.##.##......# #..g.#
#.........
#.##.##..##### #fff.#
#..###[...
#.#.........# ##f#.#
#..# #....
#.##.######.# ##.##
#..# #....
............# ##.#
#..###....
#.......##### #.##
#.........


You could see Crazy Yiuf.

Vanquished Creatures
  The ghost of Heini the Covered, an average HOFi (D:3)
  Purgy (Sewer)
  A giant frog (D:3)
  Jessica (D:3)
  Terence (D:3)
  6 adders
  A green rat (D:3)
  A giant mite (D:2)
  3 worms (D:2)
  3 giant geckos
  A ball python (D:3)
  10 bats
  8 giant cockroaches
  10 goblins
  12 hobgoblins
  2 jackals (Sewer)
  13 kobolds
  5 quokkas
  3 giant newts (D:3)
  8 rats
  A fungus (D:3)
92 creatures vanquished.

Notes
Turn   | Place    | Note
--------------------------------------------------------------
     0 | D:1      | Heini, the Hill Orc Fighter, began the quest for the Orb.
     0 | D:1      | Reached XP level 1. HP: 19/19 MP: 1/1
   128 | D:1      | Reached XP level 2. HP: 18/27 MP: 2/2
   136 | D:1      | Reached skill level 4 in Fighting
   466 | D:1      | Reached XP level 3. HP: 25/33 MP: 3/3
  1132 | D:2      | Reached XP level 4. HP: 33/41 MP: 4/4
  2270 | D:3      | Reached XP level 5. HP: 47/47 MP: 5/5
  2350 | D:3      | Noticed Terence
  2359 | D:3      | Killed Terence
  2643 | D:3      | Found a glowing drain.
  2647 | Sewer    | Entered a sewer
  2703 | Sewer    | Noticed Purgy
  2718 | Sewer    | Killed Purgy
  2718 | Sewer    | Reached skill level 5 in Fighting
  2718 | Sewer    | Reached skill level 5 in Axes
  2718 | Sewer    | Reached skill level 5 in Armour
  2718 | Sewer    | Reached XP level 6. HP: 19/56 MP: 6/6
  3038 | D:3      | Noticed Jessica
  3045 | D:3      | Killed Jessica
  3211 | D:3      | Noticed Heini's ghost (average HOFi)
  3228 | D:3      | HP: 2/56 [Heini's ghost (12)]
  3229 | D:3      | Killed Heini's ghost
  3229 | D:3      | Reached skill level 6 in Axes
  3490 | D:3      | Noticed a giant frog
  3502 | D:3      | Killed a giant frog
  3502 | D:3      | Reached XP level 7. HP: 31/61 MP: 7/7
  3812 | D:3      | Noticed Crazy Yiuf
  3830 | D:3      | HP: 2/61 [Crazy Yiuf/quarterstaff of chaos (7)]
  3834 | D:3      | Killed from afar by Crazy Yiuf

Action                   |  1- 3 |  4- 6 |  7- 9 || total
-------------------------+-------+-------+-------++-------
Melee: War axe           |   117 |   205 |    35 ||   357
  Use: Scroll            |       |     3 |       ||     3
       Potion            |       |     1 |       ||     1
